 Dungeon Crawl Stone Soup version 0.31-a0-801-gc67433417a (webtiles) character file.

Game seed: 76473365405871640

1 Essalna the Conjurer (level 1, -1/13 HPs)
             Began as a Demonspawn Conjurer on Sept 20, 2023.
             Frozen to death by an endoplasm (4 damage)
             ... on level 1 of the Dungeon.
             The game lasted 00:00:17 (60 turns).

Essalna the Conjurer (Demonspawn Conjurer)            Turns: 60, Time: 00:00:18

Health: -1/13      AC:  2    Str:  7    XL:     1   Next: 16%
Magic:  0/3        EV: 12    Int: 19    God:
Gold:   18         SH:  0    Dex: 11    Spells: 3/4 levels left

rFire   . . .        c - +0 hand axe
rCold   . . .        (no shield)
rNeg    . . .        a - +0 robe
rPois   .            (no helmet)
rElec   .            (no cloak)
rCorr   .            (no gloves)
SInv    .            (no boots)
Will    .....        (no amulet)
Stlth   ++           (no ring)
HPRegen 0.22/turn    (no ring)
MPRegen 0.08/turn

%: no passive effects
@: no status effects
A: no striking features
a: no special abilities


You were on level 1 of the Dungeon.
You visited 1 branch of the dungeon, and saw 1 of its levels.

You collected 18 gold pieces.

Inventory:

Hand Weapons
 c - a +0 hand axe (weapon)
Armour
 a - a +0 robe (worn)
Potions
 b - a potion of magic


   Skills:
 - Level 1.7 Dodging
 - Level 1.7 Stealth
 + Level 2.0 Spellcasting
 + Level 4.0 Conjurations


You had 3 spell levels left.
You knew the following spells:

 Your Spells              Type           Power      Damage    Failure   Level
a - Magic Dart            Conj           68%        1d6       3%          1

Your spell library contained the following spells:

 Spells                   Type           Power      Damage    Failure   Level
 Searing Ray              Conj           34%        2d5       4%          2
 Dazzling Flash           Conj/Hex       18%        N/A       22%         3
 Fulminant Prism          Conj/Hex       4%         3d5       58%         4
 Iskenderun's Mystic Bla  Conj/Tloc      9%         2d4       58%         4


Dungeon Overview and Level Annotations

Branches:
Dungeon (1/15)

Altars:


Message History

Found a staircase leading out of the dungeon.
You now have 9 gold pieces.
Found an escape hatch in the floor.
You open the door.
There is an open door here.
You now have 18 gold pieces (gained 9).
Found a hand axe.
Found a ring mail.
No target in view!
A giant cockroach and a quokka come into view.
The magic dart hits the giant cockroach but does no damage.
The giant cockroach closely misses you.
The giant cockroach bites you but does no damage.
The magic dart hits the giant cockroach.
The giant cockroach is severely wounded.
The giant cockroach barely misses you.
The magic dart hits the giant cockroach.
You kill the giant cockroach!
You are out of magic!
You are out of magic!
You are out of magic!
The quokka bites you but does no damage.
An endoplasm comes into view.
The quokka bites you. x2
You see here a +0 hand axe.
c - a +0 hand axe (weapon)
You hit the quokka.
The quokka is severely wounded.
The quokka bites you. x2
* * * LOW HITPOINT WARNING * * *
You barely miss the quokka.
The quokka is severely wounded.
The quokka closely misses you.
You barely miss the quokka.
The quokka is severely wounded.
You hit the endoplasm. The quokka closely misses you.
The quokka bites you but does no damage.
The endoplasm freezes you.
You are frozen.
You die...

####...###..#.#...
.....>.#^##.#.#.#
.###...####.....#
.#Z##+## ###...#
#### #...#########
Z# #....†.......
## #.#.........##
#...#.r.###.#
#.....@...#
##...?J.#.....
..[......###....
#......... #..
#.......... .
#...........
.............
.............#


You could see an endoplasm and a quokka.

Vanquished Creatures
  A giant cockroach (D:1)
1 creature vanquished.

Notes
Turn   | Place    | Note
-------+----------+-------------------------------------------
     0 | D:1      | Essalna the Demonspawn Conjurer began the quest for the
                  | Orb.
     0 | D:1      | Reached XP level 1. HP: 13/13 MP: 3/3
     0 | D:1      | Noticed a minotaur skeleton
     2 | D:1      | Noticed a minotaur skeleton
    17 | D:1      | Noticed a minotaur skeleton
    60 | D:1      | Frozen to death by an endoplasm

Illustrated notes

Levels and vault maps discovered:
D:1:      shiori_arrival_whats_in_store_for_you, layout_basic

Action                     || total
---------------------------++-------
  Melee: Hand axe          ||     3
   Cast: Magic Dart        ||     3
 Armour: Robe              ||     7
  Dodge: Dodged            ||     4

Table legend: (Time is in decaauts)
 A = Elapsed time spent in this place.
 B = Non-inter-level travel time spent in this place.
 C = Inter-level travel time spent in this place.
 D = Time resting spent in this place.
 E = Time spent auto-exploring this place.
 F = Levels seen in this place.
 G = Mean time per level.
                   A        B        C        D        E       F      G
               +--------+--------+--------+--------+--------+-----+--------+
         Total |     60 |     60 |      0 |      0 |     45 |   1 |   60.0 |
       Dungeon |     60 |     60 |      0 |      0 |     45 |   1 |   60.0 |
               +--------+--------+--------+--------+--------+-----+--------+

Top non-repeatable levels by time:
     D:1: 60 daAuts
